 Dungeon Crawl Stone Soup version 0.22-a0-558-gc224181 (webtiles) character file.

62 Lianjan the Poker (level 3, -1/28 HPs)
             Began as a Demonspawn Gladiator on June 26, 2018.
             Slain by a hobgoblin (3 damage)
             ... on level 2 of the Dungeon.
             The game lasted 00:02:33 (1380 turns).

Lianjan the Poker (Demonspawn Gladiator)            Turns: 1380, Time: 00:02:34

Health: -1/28      AC: 14    Str: 14    XL:     3   Next: 85%
Magic:  3/3        EV: 10    Int: 10    God:
Gold:   69         SH:  0    Dex: 14    Spells: 2/2 levels left

rFire    + . .     SeeInvis .   a - +0 trident
rCold    . . .     Gourm    .   (no shield)
rNeg     . . .     Faith    .   j - +0 scale mail
rPois    .         Spirit   .   c - +0 helmet
rElec    .         Reflect  .   (no cloak)
rCorr    .         Harm     .   (no gloves)
MR       .....                  l - +0 pair of boots
Stlth    ..........             (no amulet)
HPRegen  0.09/turn              (no ring)
MPRegen  0.08/turn              (no ring)

@: sanguine armour
A: fire resistance 1, MP-powered wands, sanguine armour 1
a: no special abilities


You were on level 2 of the Dungeon.
You were hungry.

You visited 1 branch of the dungeon, and saw 2 of its levels.

You collected 69 gold pieces.

Inventory:

Hand Weapons
 a - a +0 trident (weapon)
Missiles
 d - 3 throwing nets (quivered)
 h - 3 stones
Armour
 c - a +0 helmet (worn)
 j - a +0 scale mail (worn)
 l - a +0 pair of boots (worn)
 m - a +0 chain mail
Jewellery
 o - a +4 amulet of reflection {unknown}
Scrolls
 b - a scroll of enchant armour {unknown}
 e - a scroll of remove curse {unknown}
 g - a scroll of enchant weapon {unknown}
 n - a scroll of teleportation {unknown}
Comestibles
 f - 3 rations
 i - 6 chunks of flesh


   Skills:
 + Level 2.6 Fighting
 * Level 3.6 Polearms
 - Level 2.0 Throwing
 + Level 3.1 Dodging


You had 2 spell levels left.
You didn't know any spells.
Your spell library was empty.

Dungeon Overview and Level Annotations

Branches:
Dungeon (2/15)

Altars:
Uskayaw


Innate Abilities, Weirdness & Mutations

When seriously injured, your bleeding wounds create armour. (AC +6)
Your flesh is heat resistant. (rF+)
You expend magic power (3 MP) to strengthen your wands.


Message History

You barely miss the jackal.
The jackal is moderately wounded.
The jackal bites you but does no damage.
The jackal closely misses you.
You hit the jackal.
You kill the jackal!
* * * LOW HITPOINT WARNING * * *
You feel sick. The jackal barely misses you.
You puncture the jackal!
You kill the jackal!
You barely miss the hobgoblin.
The hobgoblin hits you but does no damage.
You hit the hobgoblin but do no damage.
You feel sick.
You are no longer poisoned.
The hobgoblin hits you but does no damage.
You completely miss the hobgoblin. The hobgoblin barely misses you.
You hit the hobgoblin.
The hobgoblin is severely wounded.
The hobgoblin hits you.
You die...

#.....##### #.........#
#.....#...# #.....#...#
#.....#...#####
#######........ .
#.....#...##### ...
#####...........#
$...####lg@.......####.#
.......#.######...#
#.#### ...._....# #...#
#..... .........# #...#
#####. ..#####..#
#...###### #. ..#.((#..#
#...'....# ## #.#...#..#
#...####.# #.#####.##
#...####.#### #.......#
#...##......#


You could see a hand axe, a hobgoblin and a frilled lizard.

Vanquished Creatures
  An adder (D:2)
  3 oozes (D:1)
  A worm (D:2)
  A dart slug (D:1)
  A bat (D:1)
  6 giant cockroaches
  4 hobgoblins
  6 jackals
  A quokka (D:2)
  5 frilled lizards
  3 kobolds (D:1)
  2 rats
34 creatures vanquished.

Notes
Turn   | Place    | Note
-------+----------+-------------------------------------------
     0 | D:1      | Lianjan the Demonspawn Gladiator began the quest for the Orb.
     0 | D:1      | Reached XP level 1. HP: 16/16 MP: 1/1
   376 | D:1      | Gained mutation: When seriously injured, your bleeding wounds create armour. (AC +6) [demonic ancestry]
   376 | D:1      | Reached XP level 2. HP: 22/22 MP: 2/2
   611 | D:1      | Reached XP level 3. HP: 28/28 MP: 3/3
  1347 | D:2      | Noticed a dagger
  1348 | D:2      | Noticed a hand axe
  1349 | D:2      | Found a hide-covered altar of Uskayaw.
  1361 | D:2      | Gained mutation: Your mind is acute. (Int +2) [potion of mutation]
  1361 | D:2      | Gained mutation: You expend magic power (3 MP) to strengthen your wands. [potion of mutation]
  1361 | D:2      | Lost mutation: Your mind is acute. (Int +2) [potion of mutation]
  1361 | D:2      | Gained mutation: Your flesh is heat resistant. (rF+) [potion of mutation]
  1380 | D:2      | Slain by a hobgoblin

Vault maps used:
D:1:      dpeg_arrival_renting
D:2:      lemuel_round_altar, dancing_weapons_uskayaw,
          kennysheep_generic_room_13

Skill      XL: |  1  2  3 |
---------------+----------+-----
Polearms       | 3 |  3.6
Throwing       | 2 |  2.0
Dodging        | 3 |  3.1
Fighting       | |  2.6

Action                   || total
-------------------------++-------
Melee: Trident           ||   101
  Use: Potion            ||     1
 Stab: Sleeping          ||     1
  Eat: Chunk             ||     1
Armor: Leather armour    ||     3
       Scale mail        ||    32
Dodge: Dodged            ||    48

Table legend:
 A = Spawn XP
 B = Non-spawn XP
 C = Spawn XP percentage of total XP
 D = Spawn monster count
 E = Non-spawn monster count
 F = Spawn count percentage of total count
 G = Total turns spent on level
                    A         B        C        D         E        F      G
               +---------+---------+-------+---------+---------+-------+---------
         Total |       0 |      89 |   0.0 |       0 |      34 |   0.0 |  1380
               +---------+---------+-------+---------+---------+-------+---------
           D:1 |       0 |      51 |   0.0 |       0 |      20 |   0.0 |   896
           D:2 |       0 |      38 |   0.0 |       0 |      14 |   0.0 |   484
               +---------+---------+-------+---------+---------+-------+---------
